 Dungeon Crawl Stone Soup version 0.22-a0-580-gd5db89c (webtiles) character file.

4 Amnesiac the Skirmisher (level 1, 10/12 HPs)
             Began as a Spriggan Wanderer on July 3, 2018.
             Quit the game on level 1 of the Dungeon.
             The game lasted 00:00:26 (185 turns).

Amnesiac the Skirmisher (Spriggan Wanderer)          Turns: 185, Time: 00:00:27

Health: 10/12      AC:  2    Str:  8    XL:     1   Next: 50%
Magic:  5/5        EV: 15    Int: 12    God:
Gold:   6          SH:  0    Dex: 16    Spells: 6/6 levels left

rFire    . . .     SeeInvis +   a - +2 spear
rCold    . . .     Gourm    .   (shield restricted)
rNeg     . . .     Faith    .   d - +0 robe
rPois    .         Spirit   .   (helmet restricted)
rElec    .         Reflect  .   (no cloak)
rCorr    .         Harm     .   (gloves unavailable)
MR       .....                  (boots unavailable)
Stlth    ++........             (no amulet)
HPRegen  0.04/turn              (no ring)
MPRegen  0.09/turn              (no ring)

@: very quick
A: very small, unfitting armour, see invisible, herbivore, speed 3, slow
metabolism 2
a: no special abilities


You were on level 1 of the Dungeon.
You were not hungry.

You visited 1 branch of the dungeon, and saw 1 of its levels.

You collected 6 gold pieces.

Inventory:

Hand Weapons
 a - a +2 spear (weapon)
 e - a +0 dagger
Armour
 d - a +0 robe (worn)
Scrolls
 b - a scroll of teleportation {!r}
Potions
 c - a potion of lignification {!q}
Comestibles
 f - a ration


   Skills:
 - Level 3.2 Fighting
 - Level 3.0 Stealth
 + Level 3.1 Spellcasting
   Level 1.0 Earth Magic
   Level 1.3 Evocations


You had 6 spell levels left.
You didn't know any spells.
Your spell library was empty.

Dungeon Overview and Level Annotations

Branches:
Dungeon (1/15)

Altars:


Innate Abilities, Weirdness & Mutations

You are very small and have problems with some larger weapons.
You are too small for most types of armour.
You have supernaturally acute eyesight. (SInv)
You are a herbivore.
You cover ground extremely quickly.
You need to consume almost no food.


Message History

There is an open door here.
You open the door.
There is an open door here.
As you open the door, it creaks loudly!
A frilled lizard comes into view.
The frilled lizard hisses angrily.
You hear a shout!
Found 6 gold pieces and a mace.
A hobgoblin comes into view.
A hobgoblin comes into view. It is wielding a club.
There is an open door here.
There are monsters nearby!
Attack whom?
Press: ? - help, Dir - move target cursor, f - frilled lizard
Aim: a frilled lizard You reach to attack!
You hit the frilled lizard.
The frilled lizard is heavily wounded.
There are monsters nearby!
You hit the frilled lizard.
You kill the frilled lizard!
You see here a frilled lizard corpse.
You hit the hobgoblin but do no damage. The hobgoblin hits you.
You completely miss the hobgoblin. The hobgoblin misses you.
You hit the hobgoblin.
You kill the hobgoblin!
You hit the hobgoblin but do no damage. The hobgoblin misses you.
You closely miss the hobgoblin. The hobgoblin misses you.
You hit the hobgoblin but do no damage. The hobgoblin misses you.
You barely miss the hobgoblin. The hobgoblin hits you with a club.
* * * LOW HITPOINT WARNING * * *
You hit the hobgoblin but do no damage. The hobgoblin completely misses you.
You closely miss the hobgoblin. The hobgoblin misses you.
You hit the hobgoblin.
The hobgoblin is almost dead.
The hobgoblin misses you.
You hit the hobgoblin.
You kill the hobgoblin!
Your Spellcasting skill increases to level 3!
No target in view!
No target in view!
You start resting.
HP restored.
You now have 6 gold pieces.
You see here a club.
No target in view!
A kobold comes into view. It is wielding a club.
Found a spear.
A kobold is nearby!
A kobold is nearby!
Found a dagger.
Attack whom?
Press: ? - help, Dir - move target cursor, f - kobold
Aim: a kobold, wielding a club (resting)
You reach to attack!
The helpless kobold fails to defend itself.
You hit the kobold.
You kill the kobold!
No target in view!
No target in view!
Things that are here:
a club; 2 stones No target in view!
A rat comes into view.
Found 9 gold pieces.
Are you sure you want to abandon this character and quit the game? (Confirm with "yes".)

#.# #.###.......##.
#.. #.#....##.#.###
#..##....#....#.#
#...#...........#
#.#..........######
#$#..........#.....
#.#.)........#.####
######r#..........#
..
#......@..........#
#.##
#..........#.#.##.#
#..
#.............)# .#
#.##
#..........#.##. .#
#. #........)...#
.# #.
#............# +.
#####.#........ #.
........#.# #. ##


You could see a rat (sleeping).

Vanquished Creatures
  2 hobgoblins (D:1)
  A frilled lizard (D:1)
  A kobold (D:1)
4 creatures vanquished.

Notes
Turn   | Place    | Note
-------+----------+-------------------------------------------
     0 | D:1      | Amnesiac the Spriggan Wanderer began the quest for the Orb.
     0 | D:1      | Amnesiac set off with: a +2 spear, a scroll of teleportation {!r}, a potion of lignification {!q}, a +0 robe, a +0 dagger, a ration
     0 | D:1      | Reached XP level 1. HP: 12/12 MP: 5/5
   185 | D:1      | Quit the game

Vault maps used:
D:1:      matt_arrival_los_fun

Skill      XL: |  1 |
---------------+----+-----
Spellcasting   | 3 |  3.1
Fighting       | |  3.2
Stealth        | |  3.0
Earth Magic    | |  1.0
Evocations     | |  1.3

Action                   || total
-------------------------++-------
Melee: Spear             ||    14
 Stab: Sleeping          ||     1
Dodge: Dodged            ||     7

Table legend:
 A = Spawn XP
 B = Non-spawn XP
 C = Spawn XP percentage of total XP
 D = Spawn monster count
 E = Non-spawn monster count
 F = Spawn count percentage of total count
 G = Total turns spent on level
                    A         B        C        D         E        F      G
               +---------+---------+-------+---------+---------+-------+---------
         Total |       0 |       6 |   0.0 |       0 |       4 |   0.0 |   185
               +---------+---------+-------+---------+---------+-------+---------
           D:1 |       0 |       6 |   0.0 |       0 |       4 |   0.0 |   185
               +---------+---------+-------+---------+---------+-------+---------
